 Dungeon Crawl Stone Soup version 0.20.0-10-g0535bb4 (webtiles) character file.

263 Inarius the Gusty (level 5, -9/39 HPs)
             Began as a Draconian Air Elementalist on June 6, 2017.
             Was a Follower of Vehumet.
             Mangled by an orc warrior
             ... wielding a +0 hand axe
              (18 damage)
             ... on level 3 of the Dungeon.
             The game lasted 00:12:21 (3245 turns).

Inarius the Gusty (Draconian Air Elementalist)      Turns: 3245, Time: 00:12:22

Health: -9/39      AC:  6    Str: 10    XL:     5   Next: 98%
Magic:  9/18       EV: 14    Int: 16    God:    Vehumet [*.....]
Gold:   97         SH:  0    Dex: 12    Spells: 4/10 levels left

rFire    . . .     SeeInvis .   s - +0 long sword
rCold    . . .     Gourm    .   (no shield)
rNeg     . . .     Faith    .   (armour unavailable)
rPois    .         Spirit   .   (helmet restricted)
rElec    .         Reflect  .   r - +0 cloak
rCorr    .         Harm     .   (no gloves)
MR       .....                  (no boots)
Stlth    +.........             (no amulet)
Regen    0.2/turn               o - ring of magical power
MPRegen  0.2/turn               i - +1 ring of evasion

@: confused, swift (expiring), very quick
A: unfitting armour, cold-blooded, AC +5
a: Renounce Religion


You were on level 3 of the Dungeon.
You worshipped Vehumet.
Vehumet was aware of your devotion.
You were not hungry.

You visited 1 branch of the dungeon, and saw 3 of its levels.

You collected 97 gold pieces.

Inventory:

Hand Weapons
 s - a +0 long sword (weapon)
Armour
 r - a +0 cloak (worn)
Jewellery
 i - a +1 ring of evasion (right hand)
 o - a ring of magical power (left hand)
 u - an uncursed ring of ice
Scrolls
 d - 2 scrolls of recharging {unknown}
 f - a scroll of enchant weapon {unknown}
 g - 2 scrolls of amnesia {unknown}
 h - a scroll of fog
 k - a scroll of teleportation {unknown}
 l - a scroll of remove curse
 t - a scroll of noise {unknown}
Potions
 e - 3 potions of curing
 p - a potion of mutation
 q - a potion of berserk rage
 v - a potion of degeneration {unknown}
 w - 2 potions of might {unknown}
 x - a potion of agility {unknown}
Books
 a - a book of Air

   Spells                             Type                      Level
   a - Shock                          Conjuration/Air              1
   b - Swiftness                      Charms/Air                   2
   c - Static Discharge               Conjuration/Air              3
   d - Airstrike                      Air                          4
   e - Lightning Bolt                 Conjuration/Air              5
Comestibles
 b - 2 bread rations
 c - a royal jelly
 j - 4 chunks of flesh
 n - 3 meat rations


   Skills:
 + Level 0.7 Fighting
 * Level 3.0 Dodging
 - Level 1.7 Stealth
 + Level 3.1 Spellcasting
 * Level 3.0 Conjurations
 + Level 1.1 Charms
 + Level 4.1 Air Magic


You had 4 spell levels left.
You knew the following spells:

 Your Spells              Type           Power        Failure   Level  Hunger
a - Shock                 Conj/Air       ##..         4%          1    None
b - Swiftness             Chrm/Air       ##......     10%         2    ##.....
c - Static Discharge      Conj/Air       ##......     13%         3    ###....


Dungeon Overview and Level Annotations

Branches:
Dungeon (3/15)

Altars:
Uskayaw
Vehumet


Innate Abilities, Weirdness & Mutations

Your plain brown scales are hard. (AC +5)
You cannot fit into any form of body armour.
You are cold-blooded and may be slowed by cold attacks.


Message History

Casting: Shock
Confirm with . or Enter, or press ? or * to list all spells.
Aiming: Shock
Press: ? - help, Shift-Dir - straight line, f/p - orc warrior
Aim: an orc warrior, wielding a hand axe and wearing a plate armour (heavily wounded)
Okay, then.
Casting: Shock
Confirm with . or Enter, or press ? or * to list all spells.
The orc warrior is struck by lightning.
The orc warrior is severely wounded.
The lightning arcs!
You are struck by lightning.
The lightning grounds out.
The orc warrior hits you with a hand axe!
* * * LOW HITPOINT WARNING * * *
It was a potion of curing.
You feel better.
The orc warrior hits you with a hand axe.
* * * LOW HITPOINT WARNING * * *
You are confused.
You feel invigorated.
The orc warrior hits you with a hand axe!!
You die...

#...... ...
####..###. ...
#......##. ...
####(...[. #)#
####... #)# ##..#.
#.# #..##.
#o###########...).
#@....#.......####
#.......#####.# #
#.....### #...# #
#.....#####.### #
#>....##....# #
#.....##.#### #
#..#####.# # ##[#
#.######### #..
#..........


You could see an orc warrior.

Vanquished Creatures
  A black bear (D:3)
  A hound (D:3)
  6 adders
  A worm (D:3)
  A leopard gecko (D:2)
  7 orcs (D:3)
  A ball python (D:3)
  3 giant cockroaches
  12 goblins
  4 hobgoblins
  3 jackals (D:3)
  10 bats
  10 frilled lizards
  7 kobolds
  14 rats
81 creatures vanquished.

Notes
Turn   | Place    | Note
-------+----------+-------------------------------------------
     0 | D:1      | Inarius the Draconian Air Elementalist began the quest for the Orb.
     0 | D:1      | Reached XP level 1. HP: 14/14 MP: 3/3
   368 | D:1      | Reached XP level 2. HP: 20/20 MP: 0/5
   372 | D:1      | Learned a level 2 spell: Swiftness
  1080 | D:2      | Reached XP level 3. HP: 26/26 MP: 0/6
  1139 | D:2      | Learned a level 3 spell: Static Discharge
  1261 | D:2      | Found a radiant altar of Vehumet.
  1269 | D:2      | Became a worshipper of Vehumet
  2175 | D:3      | Reached XP level 4. HP: 33/33 MP: 7/7
  2419 | D:3      | Noticed a black bear
  2554 | D:3      | Found a hide-covered altar of Uskayaw.
  2728 | D:3      | Killed a black bear
  2728 | D:3      | Reached skill level 1 in Charms
  2728 | D:3      | Reached skill level 4 in Air Magic
  2728 | D:3      | Reached XP level 5. HP: 4/38 MP: 3/9
  3102 | D:3      | Reached * piety under Vehumet
  3102 | D:3      | Offered knowledge of Sandblast by Vehumet.
  3233 | D:3      | Noticed an orc warrior
  3245 | D:3      | Mangled by an orc warrior

Skill      XL: |  1  2  3  4  5 |
---------------+----------------+-----
Dodging        | 2 3 |  3.0
Conjurations   | 2 3 |  3.0
Spellcasting   | 3 |  3.1
Charms         | 1 |  1.1
Air Magic      | 4 |  4.1
Fighting       | |  0.7
Stealth        | |  1.7

Action                   |  1- 3 |  4- 6 || total
-------------------------+-------+-------++-------
Melee: Unarmed           |    25 |       ||    25
       Tailslap          |     3 |     5 ||     8
       Mace              |    16 |     2 ||    18
       Long sword        |       |     8 ||     8
 Cast: Shock             |    88 |    73 ||   161
       Static Discharge  |       |     9 ||     9
       Swiftness         |       |     4 ||     4
  Use: Scroll            |     2 |     5 ||     7
       Potion            |       |     2 ||     2
 Stab: Sleeping          |     1 |       ||     1
  Eat: Chunk             |     5 |     5 ||    10
Armor: Skin              |    18 |    18 ||    36
Dodge: Dodged            |    37 |    41 ||    78
       Rpst.: Long sword |       |    11 ||    11
